 Dungeon Crawl Stone Soup version 0.25-b1-38-g32f9adbbe0 (webtiles) character file.

Game seed: 18304653620632783404

44 Peloso the Shield-Bearer (level 3, 0/33 HPs)
             Began as a Minotaur Fighter on June 7, 2020.
             Killed by nerve-wracking pain
             ... invoked by an orc priest
              (1 damage)
             ... on level 3 of the Dungeon.
             The game lasted 00:03:02 (1646 turns).

Peloso the Shield-Bearer (Minotaur Fighter)         Turns: 1646, Time: 00:03:02

Health: 0/33       AC: 10    Str: 20    XL:     3   Next: 39%
Magic:  2/2        EV:  5    Int:  5    God:
Gold:   61         SH:  9    Dex: 10    Spells: 2/2 levels left

rFire    . . .     SeeInvis .   a - +0 long sword
rCold    . . .     Gourm    .   c - +0 kite shield
rNeg     + . .     Faith    .   g - +0 chain mail {rN+}
rPois    .         Spirit   .   (helmet restricted)
rElec    .         Reflect  .   (no cloak)
rCorr    .         Harm     .   (no gloves)
MR       .....     Rnd*Tele +   m - +0 pair of boots
Stlth    ..........             (no amulet)
HPRegen  0.11/turn              n - ring of teleportation (curse)
MPRegen  0.08/turn              (no ring)

@: no status effects
A: retaliatory headbutt, horns 2
a: no special abilities


You were on level 3 of the Dungeon.
You were not hungry.

You visited 1 branch of the dungeon, and saw 3 of its levels.

You collected 61 gold pieces.

Inventory:

Hand Weapons
 a - a +0 long sword (weapon)
Armour
 b - a +0 scale mail
 c - a +0 kite shield (worn)
 g - a +0 chain mail of positive energy (worn)
 m - a +0 pair of boots (worn)
Jewellery
 n - a cursed ring of teleportation (left hand)
Scrolls
 i - a scroll of teleportation
 j - a scroll of identify
 l - a scroll of remove curse
Potions
 d - a potion of might
 e - a potion of stabbing
 h - a potion of ambrosia
 k - a potion of heal wounds
Comestibles
 f - 6 rations


   Skills:
 + Level 3.9 Fighting
 + Level 3.0 Long Blades
 + Level 3.9 Armour
 + Level 0.1 Dodging
 + Level 0.1 Stealth
 + Level 4.5 Shields


You had 2 spell levels left.
You didn't know any spells.
Your spell library was empty.

Dungeon Overview and Level Annotations

Branches:
Dungeon (3/15)

Altars:
Ashenzari
Makhleb

Annotations:
D:3 Robin


Innate Abilities, Weirdness & Mutations

You reflexively headbutt those who attack you in melee.
You have a pair of horns on your head.


Message History

The orc priest is severely wounded.
The kobold shouts!
You block the bat's attack.
The orc wizard mumbles some strange words.
The orc wizard blinks!
A goblin comes into view.
The orc priest hits you with a cursed -2 hand axe.
* * * LOW HITPOINT WARNING * * *
The orc wizard points at you and mumbles some strange words.
The magic dart hits you!
* * * LOW HITPOINT WARNING * * *
The kobold throws a poisoned dart.
The poisoned dart barely misses you.
The poisoned dart hits the orc priest!
The orc priest is poisoned.
The hobgoblin hits you but does no damage.
The kobold throws a poisoned dart.
You block the poisoned dart. The orc barely misses you.
You riposte.
You closely miss the orc. Your headbutt misses the orc.
The orc priest mumbles some strange prayers to Beogh against you.
Pain shoots through your body!
You die...

#........#
#g.......#
#g.......#
#.g......#
#..g....[#
gog.....#
?######oogb...#
....K.'@g.....#
.######ยง....###
#.....#
K........
.....o###
....#### ....#
.....#


You could see Robin, an orc priest (very poisoned), an orc wizard (fast), 2
orcs, 2 hobgoblins, 5 goblins, a bat and 2 kobolds.

Vanquished Creatures
  2 worms (D:2)
  A dart slug (D:1)
  A leopard gecko (D:1)
  5 orcs (D:3)
  2 giant cockroaches
  3 hobgoblins (D:2)
  5 bats
  A frilled lizard (D:2)
  2 kobolds
  11 rats
33 creatures vanquished.

Notes
Turn   | Place    | Note
-------+----------+-------------------------------------------
     0 | D:1      | Peloso the Minotaur Fighter began the quest for the Orb.
     0 | D:1      | Reached XP level 1. HP: 19/19 MP: 0/0
   303 | D:1      | Reached skill level 4 in Shields
   327 | D:1      | Reached XP level 2. HP: 27/27 MP: 1/1
  1102 | D:2      | Found a burning altar of Makhleb.
  1125 | D:2      | Found a shattered altar of Ashenzari.
  1256 | D:2      | Reached XP level 3. HP: 31/33 MP: 2/2
  1645 | D:3      | Noticed Robin
  1646 | D:3      | HP: 1/33 [orc wizard/magic dart (7)]
  1646 | D:3      | Killed from afar by an orc priest

Illustrated notes

Levels and vault maps discovered:
D:1:      zelgadis_glass_arrival_small, layout_loops_corners
D:2:      layout_loops_cross, ashenzari_conservatory_becter, bloody_makhleb
D:3:      layout_basic, grunt_temple_overflow_cloverleaf, first_ration,
          lightli_sewer_entry_pipes, uniq_robin, uniq_ijyb

Skill      XL: |  1  2  3 |
---------------+----------+-----
Shields        | 4 |  4.5
Long Blades    | 3 |  3.0
Fighting       | |  3.9
Armour         | |  3.9
Dodging        | |  0.1
Stealth        | |  0.1

Action                   || total
-------------------------++-------
Melee: Long sword        ||    91
       Headbutt          ||    10
  Use: Potion            ||     4
       Scroll            ||     3
  Eat: Chunk             ||     2
Armor: Scale mail        ||    49
       Chain mail        ||     8
Dodge: Dodged            ||    21
Block: Kite shield       ||    54
       Rpst.: Long sword ||     6
